cohdb
Replays
Latest Replays
All Replays
Popular Replays
Top Player Replays
Match Explorer
How It Works
Community
CoH3 Stats
Reddit
Sign in to upload your games and track your stats! →
Sign in with Steam
Match 41546317
Unlisted
Match 41546317
Overview
Messages
Build Orders
End
Vickers Machine Gun Team
Royal Engineer Section
Selects Air and Sea Battlegroup
Construct Section Command Post
Dingo Light Scout Car
Construct Field Infirmary
ML 3-inch Mortar Team
Construct Platoon Command Post
Selects Commando Section Paradrop
Commando Section Paradrop
Unlock M3 Stuart Light Tanks
Selects M1 Pack Howitzer Paradrop
LoCo|StetoGuy
Kazven
Wunvy
Aeonax
Dave
Desert Fox
0
0
Comments
sign in to comment!
No comments posted yet!